 Dungeon Crawl Stone Soup version 0.21.1-1-g345015fe64 (webtiles) character file.

541 DildoBatman the Skirmisher (level 7, 0/56 HPs)
             Began as a Formicid Enchanter on Mar 27, 2018.
             Was a Follower of Ashenzari.
             Slain by a bullfrog (2 damage)
             ... on level 7 of the Dungeon.
             The game lasted 00:16:22 (6463 turns).

DildoBatman the Skirmisher (Formicid Enchanter)     Turns: 6463, Time: 00:16:23

Health: 0/56       AC:  7    Str: 14    XL:     7   Next: 52%
Magic:  10/10      EV: 11    Int: 17    God:    Ashenzari [*.....]
Gold:   265        SH:  0    Dex: 11    Spells: 6/10 levels left

rFire    . . .     SeeInvis +   a - +1 hand axe (venom)
rCold    . . .     Gourm    .   (no shield)
rNeg     . . .     Faith    .   k - +0 ring mail
rPois    .         Spirit   .   (helmet unavailable)
rElec    .         Reflect  .   (no cloak)
rCorr    .         Harm     .   (no gloves)
MR       .....                  K - +0 pair of boots
Stlth    +++.......             B - amulet of magic regeneration
HPRegen  0.18/turn              h - +2 ring of intelligence
MPRegen  0.37/turn              x - ring of stealth

@: starving
A: permanent stasis, dig shafts and tunnels, four strong arms, antennae 3
a: Dig, Shaft Self, Curse Item, Scrying, Renounce Religion


You were on level 7 of the Dungeon.
You worshipped Ashenzari.
Ashenzari was aware of your devotion.
You were starving.

You visited 2 branches of the dungeon, and saw 8 of its levels.

You collected 265 gold pieces.

Inventory:

Hand Weapons
 a - a +1 hand axe of venom (weapon)
 b - a +1 spear of flaming
Missiles
 g - 200 stones (quivered)
 m - 25 poisoned needles
 n - 88 sling bullets
 q - 67 arrows
 L - 2 tomahawks
 N - 16 bolts
Armour
 k - a +0 ring mail (worn)
 K - a +0 pair of boots (worn)
Jewellery
 h - a +2 ring of intelligence (left hand)
 s - a +3 ring of strength
 x - a ring of stealth (right hand)
 B - an amulet of magic regeneration (around neck)
Wands
 l - a wand of paralysis (13)
 M - a wand of flame (36)
Scrolls
 d - 8 scrolls of identify {unknown}
 j - a scroll of magic mapping {unknown}
 o - a scroll of fog {unknown}
 p - 2 scrolls of noise {unknown}
 w - 2 scrolls of blinking {unknown}
 y - 6 scrolls of remove curse
 z - a scroll of enchant armour {unknown}
 A - 2 scrolls of teleportation {unknown}
 F - a scroll of enchant weapon {unknown}
 I - a scroll of fear {unknown}
Potions
 e - a potion of invisibility {unknown}
 f - 2 potions of lignification {unknown}
 i - 2 potions of curing {unknown}
 r - 2 potions of berserk rage {unknown}
 t - a potion of agility {unknown}
 u - a potion of brilliance {unknown}
 D - a potion of might {unknown}
 E - a potion of haste {unknown}
 G - a potion of degeneration {unknown}
 H - 3 potions of flight {unknown}
 J - a potion of heal wounds {unknown}
Books
 c - a book of Maledictions

   Spells                             Type                      Level
   a - Corona                         Hexes                        1
   b - Ensorcelled Hibernation        Hexes/Ice                    2
   c - Confuse                        Hexes                        3
   d - Tukima's Dance                 Hexes                        3
   e - Dazzling Spray                 Conjuration/Hexes            3
 C - a book of Changes

   Spells                             Type                      Level
   a - Beastly Appendage              Transmutation                1
   b - Sticks to Snakes               Transmutation                2
   c - Spider Form                    Transmutation/Poison         3
   d - Ice Form                       Ice/Transmutation            4
   e - Blade Hands                    Transmutation                5
Comestibles
 v - 14 rations


   Skills:
 * Level 5.5 Fighting
   Level 1.0 Short Blades
 * Level 4.5 Armour
 * Level 2.5 Dodging
 * Level 4.7 Stealth
 - Level 2.1 Spellcasting
 - Level 3.6 Hexes


You had 6 spell levels left.
You knew the following spells:

 Your Spells              Type           Power        Failure   Level  Hunger
a - Corona                Hex            ##.....      9%          1    #......
b - Confuse               Hex            ##......     24%         3    ###....


Dungeon Overview and Level Annotations

Branches:
Dungeon (7/15)             Temple (1/1) D:4

Altars:
Ashenzari
Cheibriados
Dithmenos
Elyvilon
Fedhas
Gozag
Hepliaklqana
Kikubaaqudgha
Makhleb
Nemelex Xobeh
Okawaru
Qazlal
Ru
Trog
Uskayaw
Vehumet
Wu Jian
Xom
Yredelemnul
Zin
The Shining One

Shops:
D:7 }

Annotations:
D:4 exclusion: worker ant, Dowan, Duvessa
D:5 Blork the orc; error's ghost, amateur OpVM
D:6 exclusions: iguana, ogre and 3 sensed monsters (detected)
D:7 1 runed door, exclusions: bullfrog and sensed monster (detected)


Innate Abilities, Weirdness & Mutations

You cannot be hasted, slowed, berserked, paralysed or teleported.
You can dig through walls and to a lower floor.
Your four strong arms can wield two-handed weapons with a shield.
You have a pair of large antennae on your head. (SInv)


Message History

The orc wizard completely misses you.
The orc wizard gestures at you while chanting.
The magic dart hits you!
The bullfrog hits you but does no damage.
You kill the orc wizard!
The bullfrog closely misses you.
You kill the ogre!
The bullfrog hits you.
You extend your mandibles.
You're too hungry.
You closely miss the bullfrog. The bullfrog barely misses you.
The bullfrog hits you. The orc hits you with a mace.
You hit the bullfrog.
The bullfrog is lightly wounded.
You closely miss the orc. The bullfrog completely misses you.
The bullfrog hits you.
You die...

#...#####........
#.o.#.#)#)./.....
####.#.#.).....$..
######........
#.)......
#o.......
#........
#Fo......
#@.......
#########


You could see a bullfrog and 2 orcs.

Vanquished Creatures
  An ogre (D:7)
  A howler monkey (D:7)
  A bullfrog skeleton (D:4)
  A hound (Temple)
  2 orc wizards
  4 worker ants
  3 gnolls (D:3)
  8 adders
  2 shadow imps
  An ooze (D:1)
  An adder skeleton (D:4)
  A worm (D:2)
  2 dart slugs
  4 leopard geckos
  6 orcs
  2 giant cockroaches
  10 goblins
  7 hobgoblins
  9 jackals
  2 quokkas (D:3)
  A ball python (D:4)
  A ball python skeleton (D:4)
  6 bats
  2 frilled lizards
  3 kobolds
  A leopard gecko zombie (D:6)
  2 quokka skeletons
  3 rats
  A fungus (D:7)
88 creatures vanquished.

Notes
Turn   | Place    | Note
-------+----------+-------------------------------------------
     0 | D:1      | DildoBatman the Formicid Enchanter began the quest for the Orb.
     0 | D:1      | Reached XP level 1. HP: 13/13 MP: 3/3
    74 | D:1      | Reached skill level 1 in Fighting
   135 | D:1      | Reached XP level 2. HP: 12/22 MP: 5/5
   502 | D:1      | Reached skill level 2 in Fighting
  1328 | D:2      | Reached XP level 3. HP: 28/28 MP: 6/6
  1333 | D:2      | Learned a level 3 spell: Confuse
  1390 | D:2      | Reached skill level 3 in Fighting
  1614 | D:2      | Found a radiant altar of Vehumet.
  1614 | D:2      | Found a faded altar of an unknown god.
  1619 | D:2      | Found a shattered altar of Ashenzari.
  1622 | D:2      | Found a glowing silver altar of Zin.
  1627 | D:2      | Found a bloodstained altar of Trog.
  1655 | D:2      | Became a worshipper of Ashenzari the Shackled
  1991 | D:3      | Reached skill level 1 in Armour
  1991 | D:3      | Reached XP level 4. HP: 30/35 MP: 5/7
  2232 | D:3      | Reached XP level 5. HP: 21/41 MP: 4/8
  3156 | D:4      | Found a staircase to the Ecumenical Temple.
  3164 | Temple   | Entered the Ecumenical Temple
  3169 | Temple   | Reached skill level 4 in Fighting
  3470 | D:4      | Reached XP level 6. HP: 35/48 MP: 9/9
  3547 | D:4      | Reached * piety under Ashenzari
  4022 | D:5      | Entered Level 5 of the Dungeon
  4022 | D:5      | Noticed Duvessa
  4022 | D:5      | Noticed Dowan
  4605 | D:5      | Noticed error's ghost (amateur OpVM)
  4828 | D:5      | Reached skill level 5 in Fighting
  5036 | D:6      | Noticed Blork the orc
  5394 | D:6      | Found a hazy altar of Hepliaklqana.
  5394 | D:6      | Found a shadowy altar of Dithmenos.
  5419 | D:5      | Found a sparkling altar of Nemelex Xobeh.
  5551 | D:6      | Noticed an ogre
  5571 | D:6      | Noticed an ice beast
  5618 | D:6      | Found a blossoming altar of Fedhas.
  5733 | D:6      | Noticed a necrophage
  6024 | D:6      | Found a white marble altar of Elyvilon.
  6216 | D:7      | Found a runed door.
  6239 | D:7      | Found Ipal's Gadget Shoppe.
  6391 | D:7      | Noticed an ogre
  6440 | D:7      | Reached XP level 7. HP: 48/56 MP: 10/10
  6462 | D:7      | HP: 2/56 [orc/mace (3)]
  6463 | D:7      | Slain by a bullfrog

Skill      XL: |  1  2  3  4  5  6 |
---------------+-------------------+-----
Fighting       | 1 2 3 4 5 |  5.5
Dodging        | 2 |  2.5
Armour         | 1 2 3 4 |  4.5
Stealth        | 4 |  4.7
Short Blades   | |  1.0
Spellcasting   | |  2.1
Hexes          | |  3.6

Action                   |  1- 3 |  4- 6 |  7- 9 || total
-------------------------+-------+-------+-------++-------
Melee: Dagger            |    72 |       |       ||    72
       Mace              |     2 |       |       ||     2
       Spear             |    17 |   154 |       ||   171
       Hand axe          |       |    42 |    13 ||    55
 Cast: Corona            |    21 |    27 |       ||    48
       Confuse           |       |     5 |       ||     5
 Abil: Dig               |       |    14 |     1 ||    15
 Stab: Sleeping          |     6 |     8 |       ||    14
       Confused          |       |     2 |       ||     2
  Eat: Chunk             |     4 |    15 |       ||    19
Armor: Robe              |     4 |       |       ||     4
       Ring mail         |     9 |    63 |     3 ||    75
Dodge: Dodged            |    48 |   102 |    11 ||   161
